 Dungeon Crawl Stone Soup version 0.21-a0-128-gf2b353c (webtiles) character file.

371 kuniqs the Firebug (level 6, 0/32 HPs)
             Began as a Deep Elf Fire Elementalist on July 16, 2017.
             Slain by an ice beast (13 damage)
             ... on level 5 of the Dungeon.
             The game lasted 00:06:57 (3971 turns).

kuniqs the Firebug (Deep Elf Fire Elementalist)     Turns: 3971, Time: 00:06:58

Health: 0/32       AC:  4    Str: 11    XL:     6   Next: 42%
Magic:  8/14       EV: 14    Int: 22    God:
Gold:   267        SH:  0    Dex: 15    Spells: 4/14 levels left

rFire    . . .     SeeInvis .   C - +8 war axe of Nifus {holy, rPois Str+6}
rCold    . . .     Gourm    .   (no shield)
rNeg     . . .     Faith    .   a - +0 robe
rPois    +         Spirit   .   (no helmet)
rElec    .         Reflect  .   (no cloak)
rCorr    .         Harm     .   i - +1 pair of gloves
MR       .....                  (no boots)
Stlth    +++.......             u - amulet of magic regeneration
HPRegen  0.10/turn              (no ring)
MPRegen  0.39/turn              (no ring)

@: very slightly contaminated
A: no striking features
a: no special abilities


You were on level 5 of the Dungeon.
You were not hungry.

You visited 1 branch of the dungeon, and saw 5 of its levels.

You collected 267 gold pieces.

Inventory:

Hand Weapons
 C - the +8 war axe of Nifus (weapon) {holy, rPois Str+6}
   (You found it on level 4 of the Dungeon)

   It has been blessed by the Shining One to cause great damage to the undead
   and demons.
   It affects your strength (+6).
   It protects you from poison.
Missiles
 r - 200 stones (quivered)
 t - a throwing net
Armour
 a - a +0 robe (worn)
 g - a +0 shield
 i - a +1 pair of gloves (worn)
Jewellery
 u - an amulet of magic regeneration (around neck)
Scrolls
 f - a scroll of blinking {unknown}
 h - a scroll of amnesia {unknown}
 j - 2 scrolls of enchant armour
 l - 3 scrolls of remove curse {@r2}
 m - 5 scrolls of teleportation
 p - 4 scrolls of identify {@r1}
 s - a scroll of recharging
 v - a scroll of immolation {unknown}
 y - a scroll of magic mapping
Potions
 c - a potion of flight
 k - a potion of cancellation {unknown}
 o - a potion of curing {@q1}
 q - a potion of berserk rage
 w - a potion of resistance {unknown}
 z - a potion of degeneration {unknown}
 A - a potion of heal wounds {unknown}
 B - a potion of mutation {unknown}
 D - a potion of agility {unknown}
Books
 b - a book of Flames

   Spells                             Type                      Level
   a - Flame Tongue                   Conjuration/Fire             1
   b - Throw Flame                    Conjuration/Fire             2
   c - Conjure Flame                  Conjuration/Fire             3
   d - Inner Flame                    Hexes/Fire                   3
   e - Sticky Flame                   Conjuration/Fire             4
   f - Fireball                       Conjuration/Fire             5
Comestibles
 d - 2 bread rations
 e - 5 meat rations
 n - 3 royal jellies


   Skills:
 + Level 3.8 Dodging
 + Level 4.0 Stealth
 + Level 4.6 Spellcasting
 * Level 3.7 Conjurations
 * Level 5.0 Fire Magic


You had 4 spell levels left.
You knew the following spells:

 Your Spells              Type           Power        Failure   Level  Hunger
a - Flame Tongue          Conj/Fire      ###..        1%          1    None
b - Throw Flame           Conj/Fire      ###...       2%          2    None
c - Conjure Flame         Conj/Fire      ###.....     5%          3    ##.....
d - Sticky Flame          Conj/Fire      ###.....     17%         4    ####...


Dungeon Overview and Level Annotations

Branches:
Dungeon (5/15)
 Temple: D:4-7

Altars:
Ashenzari
Hepliaklqana
Kikubaaqudgha
Nemelex Xobeh
Okawaru
Ru
Trog
Uskayaw
Yredelemnul

Annotations:
D:4 Ijyb


Message History

Aim: a gnoll, wielding a flail The flame tongue hits the gnoll.
Aim: a gnoll, wielding a flail (heavily wounded)
The flame tongue hits the gnoll.
You kill the gnoll!
A hound comes into view.
Aim: an ice beast The flame tongue hits the ice beast.
The ice beast melts!
Aim: an ice beast (lightly wounded)
The flame tongue hits the ice beast.
The ice beast melts!
Aim: an ice beast (moderately wounded)
The flame tongue hits the ice beast.
The ice beast appears unharmed.
Aim: an ice beast (moderately wounded)
The flame tongue misses the ice beast.
The flame tongue hits the hound.
The ice beast hits you. The ice beast freezes you!
Aim: an ice beast (moderately wounded)
You miscast Flame Tongue.
You are very lightly contaminated with residual magic.
Nothing appears to happen.
The ice beast hits you. The ice beast freezes you!
You die...

.... ! ##
.)#.####. ..
......... ....
.)#..)##...##.#
.)...#.....#..
#......_.... .
.####.Y.#.....#
..
......h@##...##.#
.####.#.........#
....###.....####
## #............
######.##.#####
#.........#
######[#### #<#
#.#


You could see an ice beast and a hound.

Vanquished Creatures
  An ice beast (D:4)
  A howler monkey (D:4)
  A hound (D:3)
  An orc wizard (D:4)
  A bullfrog skeleton (D:4)
  2 gnolls (D:5)
  4 adders
  An ooze (D:2)
  A worm (D:2)
  2 dart slugs (D:3)
  3 leopard geckos
  7 orcs
  15 giant cockroaches
  10 goblins
  6 hobgoblins
  5 jackals (D:4)
  A quokka (D:4)
  2 ball pythons
  6 bats
  4 frilled lizards
  8 kobolds
  5 rats
87 creatures vanquished.

Notes
Turn   | Place    | Note
-------+----------+-------------------------------------------
     0 | D:1      | kuniqs the Deep Elf Fire Elementalist began the quest for the Orb.
     0 | D:1      | Reached XP level 1. HP: 10/10 MP: 6/6
     2 | D:1      | Noticed a naga
     4 | D:1      | Noticed a dwarf
     4 | D:1      | Noticed a merfolk
     6 | D:1      | Noticed a gargoyle
     6 | D:1      | Noticed a ghoul
     8 | D:1      | Noticed a vampire
     8 | D:1      | Noticed a demonspawn
    10 | D:1      | Noticed a centaur
    12 | D:1      | Noticed a draconian
    12 | D:1      | Noticed a demigod
    14 | D:1      | Noticed a human
    14 | D:1      | Noticed an elf
    16 | D:1      | Noticed a tengu
    16 | D:1      | Noticed a spriggan
    18 | D:1      | Noticed a troll
    20 | D:1      | Noticed a halfling
    20 | D:1      | Noticed a minotaur
    22 | D:1      | Noticed a formicid
    22 | D:1      | Noticed a felid
    24 | D:1      | Noticed a vine stalker
    24 | D:1      | Noticed an octopode
    26 | D:1      | Noticed an ogre
   443 | D:1      | Reached XP level 2. HP: 15/15 MP: 6/8
   589 | D:1      | Learned a level 2 spell: Throw Flame
  1394 | D:2      | Reached XP level 3. HP: 19/19 MP: 8/10
  1699 | D:2      | Learned a level 3 spell: Conjure Flame
  1932 | D:2      | Found a basalt altar of Yredelemnul.
  2000 | D:2      | Reached skill level 4 in Fire Magic
  2080 | D:2      | Found a basalt altar of Yredelemnul.
  2236 | D:3      | Reached XP level 4. HP: 19/24 MP: 5/11
  2316 | D:3      | Found a sparkling altar of Nemelex Xobeh.
  2365 | D:3      | Found an ancient bone altar of Kikubaaqudgha.
  2510 | D:3      | Found a sacrificial altar of Ru.
  2664 | D:3      | Found a sacrificial altar of Ru.
  2720 | D:4      | Reached XP level 5. HP: 18/28 MP: 9/13
  3011 | D:4      | Found a hazy altar of Hepliaklqana.
  3013 | D:4      | Got a transparent war axe
  3015 | D:4      | Identified the +8 war axe of Nifus {holy, rPois Str+6} (You found it on level 4 of the Dungeon)
  3018 | D:4      | Noticed a dagger
  3041 | D:4      | Noticed a hand axe
  3049 | D:4      | Found a hide-covered altar of Uskayaw.
  3284 | D:4      | Learned a level 4 spell: Sticky Flame
  3538 | D:4      | Found a shattered altar of Ashenzari.
  3621 | D:4      | Found a bloodstained altar of Trog.
  3760 | D:4      | Noticed Ijyb
  3872 | D:4      | Noticed an ice beast
  3879 | D:4      | Killed an ice beast
  3879 | D:4      | Reached XP level 6. HP: 32/32 MP: 5/14
  3902 | D:5      | Entered Level 5 of the Dungeon
  3904 | D:5      | Found an iron altar of Okawaru.
  3953 | D:5      | Reached skill level 5 in Fire Magic
  3964 | D:5      | Noticed an ice beast
  3971 | D:5      | Slain by an ice beast

Vault maps used:
D:1:      kb_arrival_jail
D:2:      lemuel_round_altar, lemuel_tele_altar
D:3:      minmay_roachtagon, nemelex_xobeh_ov_fountains_minmay,
          lemuel_round_altar, lemuel_crystal_altar, nicolae_ru_path_of_blood
D:4:      kennysheep_goblin_castle, dancing_weapons_uskayaw,
          cheibrodos_ashenzari_chains, lemuel_doored_altar, kennysheep_mini_moat
D:5:      lemuel_round_altar, okawaru_gym_becter, kennysheep_mini,
          minmay_temple_entry_overgrown, first_bread

Skill      XL: |  1  2  3  4  5  6 |
---------------+-------------------+-----
Conjurations   | 2 3 |  3.7
Fire Magic     | 4 5 |  5.0
Dodging        | 3 |  3.8
Stealth        | 3 4 |  4.0
Spellcasting   | 4 |  4.6

Action                   |  1- 3 |  4- 6 || total
-------------------------+-------+-------++-------
 Cast: Flame Tongue      |    47 |    61 ||   108
       Throw Flame       |    31 |    34 ||    65
       Conjure Flame     |       |     1 ||     1
  Use: Scroll            |       |     5 ||     5
       Potion            |       |     4 ||     4
  Eat: Chunk             |     4 |     7 ||    11
Armor: Robe              |     2 |     2 ||     4
Dodge: Dodged            |    11 |    16 ||    27
